 Dungeon Crawl Stone Soup version 0.21.1-1-g345015f (webtiles) character file.

886 spiff the Chucker (level 7, -4/62 HPs)
             Began as a Troll Hunter on July 11, 2018.
             Slain by a two-headed ogre
             ... wielding a +0 giant spiked club
              (19 damage)
             ... on level 5 of the Dungeon.
             The game lasted 00:09:36 (4003 turns).

spiff the Chucker (Troll Hunter)                    Turns: 4003, Time: 00:09:36

Health: -4/62      AC:  5    Str: 23    XL:     7   Next: 77%
Magic:  6/6        EV:  7    Int:  7    God:
Gold:   190        SH: 15    Dex: 10    Spells: 6/6 levels left

rFire    . . .     SeeInvis .     - Unarmed
rCold    . . .     Gourm    +   o - +1 large shield
rNeg     . . .     Faith    .   b - +0 robe
rPois    +         Spirit   .   (helmet restricted)
rElec    .         Reflect  .   (no cloak)
rCorr    .         Harm     .   (gloves unavailable)
MR       .....                  (boots unavailable)
Stlth    +.........             (no amulet)
HPRegen  0.60/turn              j - ring of poison resistance
MPRegen  0.10/turn              m - ring of flight

@: no status effects
A: large, unfitting armour, claws 3, fast metabolism 3, gourmand, regeneration
1, shaggy fur 1, tough skin 2
a: Evoke Flight


You were on level 5 of the Dungeon.
You were full.

You visited 1 branch of the dungeon, and saw 5 of its levels.

You collected 190 gold pieces.

Inventory:

Hand Weapons
 a - a +0 short sword
Missiles
 c - 3 large rocks (quivered)
 d - 3 throwing nets
Armour
 b - a +0 robe (worn)
 o - a +1 large shield (worn)
Jewellery
 j - a ring of poison resistance (left claw)
 m - a ring of flight (right claw)
Wands
 r - a wand of random effects (15)
Scrolls
 h - 5 scrolls of remove curse
 l - a scroll of enchant armour
 p - a scroll of identify {unknown}
Potions
 e - 3 potions of curing
 g - 2 potions of might {unknown}
 i - a potion of berserk rage {unknown}
 k - a potion of agility {unknown}
 n - a potion of lignification {unknown}
 q - a potion of heal wounds {unknown}
 s - a potion of flight {unknown}
Comestibles
 f - 8 rations


   Skills:
 + Level 1.5 Fighting
 - Level 5.0 Throwing
 + Level 4.3 Dodging
 - Level 0.3 Stealth
 + Level 3.1 Shields
 + Level 4.6 Unarmed Combat


You had 6 spell levels left.
You didn't know any spells.

Dungeon Overview and Level Annotations

Branches:
Dungeon (5/15)
 Temple: D:4-7

Altars:
Uskayaw
Vehumet
Xom
Zin
The Shining One

Annotations:
D:4 Bnni's ghost, novice GnWr


Innate Abilities, Weirdness & Mutations

You are too large for most types of armour.
You have claws for hands.
Your metabolism is lightning-fast.
You like to eat raw meat.
Your natural rate of healing is unusually fast.
You are covered in fur. (AC +1)
You have very tough skin. (AC +2)


Message History

You block the two-headed ogre's attack. x2
Your shield prevents you from hitting the two-headed ogre.
The two-headed ogre is heavily wounded.
You closely miss the two-headed ogre.
The two-headed ogre is heavily wounded.
You block the two-headed ogre's attack.
The two-headed ogre hits you with a giant club.
You claw the two-headed ogre!
The two-headed ogre is severely wounded.
The two-headed ogre hits you with a giant spiked club!!
The two-headed ogre hits you with a giant club!!
* * * LOW HITPOINT WARNING * * *
A worker ant comes into view.
The worker ant twitches its antennae in your direction.
You block the worker ant's attack.
You scratch the worker ant.
The worker ant is moderately wounded.
You block the worker ant's attack. The two-headed ogre barely misses you.
The two-headed ogre hits you with a giant club!!
You die...

#.# #.##..........
#.###.##...#####..
#.##...#..........
#........#.#####.#
####...#.........#
##.##..........
#.####.######. #.#
#a# #.# #@# #...
#.# #O# #...
#.##### #...
#.....####..#
#.)........(#
#####.#####.#
#...## #(#
#.#.#.###.#
#.##.##.##.######


You could see a two-headed ogre and a worker ant.

Vanquished Creatures
  Duvessa (D:4)
  A phantom (D:4)
  2 ogres (D:5)
  Dowan (D:4)
  A crimson imp (D:5)
  A centaur zombie (D:5)
  2 orc wizards
  An orc priest (D:2)
  Jessica (D:3)
  An iguana (D:4)
  Natasha (twice) (D:3)
  A worker ant (D:4)
  4 gnolls
  6 adders
  3 oozes
  A worm (D:3)
  3 dart slugs (D:1)
  3 leopard geckos
  12 orcs
  6 bats
  6 giant cockroaches
  5 goblins (D:1)
  3 hobgoblins
  8 kobolds
  2 ball pythons (D:2)
  5 frilled lizards
  9 rats
91 creatures vanquished.

Notes
Turn   | Place    | Note
-------+----------+-------------------------------------------
     0 | D:1      | spiff the Troll Hunter began the quest for the Orb.
     0 | D:1      | Reached XP level 1. HP: 19/19 MP: 0/0
   172 | D:1      | Reached XP level 2. HP: 27/27 MP: 1/1
   202 | D:1      | Reached skill level 1 in Unarmed Combat
   428 | D:1      | Reached XP level 3. HP: 31/33 MP: 2/2
   446 | D:1      | Reached skill level 4 in Throwing
   864 | D:1      | Reached XP level 4. HP: 14/41 MP: 3/3
  1195 | D:2      | Reached XP level 5. HP: 48/48 MP: 4/4
  2072 | D:3      | Found a hide-covered altar of Uskayaw.
  2074 | D:3      | Found a glowing golden altar of the Shining One.
  2074 | D:3      | Found a radiant altar of Vehumet.
  2076 | D:3      | Found a glowing silver altar of Zin.
  2076 | D:3      | Found a glowing golden altar of the Shining One.
  2076 | D:3      | Found a shimmering altar of Xom.
  2088 | D:3      | Reached skill level 1 in Shields
  2128 | D:3      | Noticed Natasha
  2138 | D:3      | Killed Natasha
  2166 | D:3      | Reached XP level 6. HP: 43/55 MP: 5/5
  2245 | D:3      | Noticed Jessica
  2249 | D:3      | Killed Jessica
  2312 | D:3      | Noticed Natasha
  2375 | D:3      | Killed Natasha
  2677 | D:4      | Noticed Bnni's ghost (novice GnWr)
  2740 | D:4      | Noticed Dowan
  2741 | D:4      | Noticed Duvessa
  2965 | D:4      | Reached skill level 5 in Throwing
  3129 | D:4      | Killed Duvessa
  3129 | D:4      | Reached XP level 7. HP: 47/62 MP: 6/6
  3154 | D:4      | Killed Dowan
  3822 | D:5      | Entered Level 5 of the Dungeon
  3982 | D:5      | Noticed a two-headed ogre
  4003 | D:5      | Slain by a two-headed ogre

Skill      XL: |  1  2  3  4  5  6  7 |
---------------+----------------------+-----
Unarmed Combat | 1 2 3 4 |  4.6
Dodging        | 2 3 4 |  4.3
Throwing       | 4 5 |  5.0
Shields        | 1 2 3 |  3.1
Fighting       | |  1.5
Stealth        | |  0.3

Action                   |  1- 3 |  4- 6 |  7- 9 || total
-------------------------+-------+-------+-------++-------
Melee: Unarmed           |    84 |   236 |   135 ||   455
       Short sword       |     1 |       |       ||     1
Throw: Large rock        |       |       |     2 ||     2
Evoke: Wand              |       |       |    10 ||    10
  Use: Scroll            |       |     6 |       ||     6
       Potion            |       |     1 |       ||     1
 Stab: Sleeping          |     3 |     1 |       ||     4
  Eat: Chunk             |    12 |    18 |     9 ||    39
Armor: Robe              |    36 |    57 |    20 ||   113
Dodge: Dodged            |    32 |    46 |    17 ||    95
Block: Large shield      |       |   114 |    69 ||   183
